Saguenéens vs Rafales
Created - 9 mai 2016 at 19:00
Goals
|
| Saguenéens |
3 |
2 |
0 |
5 |
| Rafales |
1 |
6 |
3 |
10 |
|
Shots
|
| Saguenéens |
13 |
9 |
16 |
38 |
| Rafales |
10 |
18 |
5 |
33 |
|
1st period
1. Rafales , Mike Sislo 2 (Nathan Davis) at 5:48
2. Saguenéens , Justin Florek 1 (Brett Lebda, Juraj Mikus) at 12:11
3. Saguenéens , Juraj Mikus 2 (Rhett Rakhshani, Karel Pilar) at 13:27
4. Saguenéens , Spencer Machacek 3 (Kyle Brodziak) at 15:51
Penalties :
No Penalty
2nd period
5. Rafales , Dan Fritsche 1 (Cody McLeod, Milan Bartovic) at 0:12
6. Rafales , Cody McLeod 4 (Bruno Gervais, Milan Bartovic) at 2:03
7. Rafales , Cody McLeod 5 (Dan Fritsche) at 9:39 (PP)
8. Saguenéens , Kyle Brodziak 2 (Spencer Machacek, Craig Cunningham) at 11:19 (PP)
9. Rafales , Milan Bartovic 2 (Cody McLeod, Bruno Gervais) at 12:04
10. Rafales , Nathan Davis 3 (Mike Sislo, Tim Crowder) at 15:48
11. Saguenéens , Brian Flynn 1 (Teemu Pulkkinen, J.T. Wyman) at 16:40
12. Rafales , Kevin Veilleux 1 (Ryan Ellis, Johan Ryno) at 19:56
Penalties :
Rhett Rakhshani (Chi) for Slashing (Minor) at 8:42, Milan Bartovic (Stf) for High sticking (Minor) at 10:01, Kyle Brodziak (Chi) for Tripping (Minor) at 12:24, Dmitry Kulikov (Stf) for Hooking (Minor) at 12:49, Mike Sislo (Stf) for Slashing (Minor) at 17:22
3rd period
13. Rafales , Dan Fritsche 2 (Ryan Ellis, Cody McLeod) at 15:48 (PP)
14. Rafales , Nathan Davis 4 (Matt Gilroy, Mike Sislo) at 16:00
15. Rafales , Cody McLeod 6 (Ryan Ellis, Dan Fritsche) at 16:06 (PP)
Penalties :
Craig Cunningham (Chi) for Holding (Minor) at 2:55, J.T. Wyman (Chi) for Hooking (Minor) at 14:25, Brandon Burlon (Chi) for Hooking (Minor) at 16:03, Milan Bartovic (Stf) for Fighting (Major) at 16:07, Kyle Brodziak (Chi) for Fighting (Major) at 16:07, Milan Bartovic (Stf) for instigated a fight (Minor) at 16:07, Milan Bartovic (Stf) for instigated and being the aggresor in a fight (20 Minutes Game Misconduct) at 16:07
Goalie Stats
Al Montoya (Chi), 20 saves from 26 shots - (0,769), L, 1-3-0, 35:48 minutes
Martin Jones (Chi), 3 saves from 7 shots - (0,429), 24:12 minutes
Loïc Lacasse (Stf), 33 saves from 38 shots - (0,868), W, 3-1-0, 60:00 minutes
Players Stats for Saguenéens
Player Name G A P +/- PIM S H SB GA TA FO MP PP MP PK MP
------------------------------------------------------------------------------------
Brandon Burlon 0 0 0 -1 2 1 0 4 0 0 0/0 21:09 0:25 3:20
Brett Lebda 0 1 1 -2 0 3 3 2 0 2 0/0 19:41 1:47 1:24
Brian Flynn 1 0 1 -2 0 4 1 1 1 0 4/8 13:30 2:17 0:00
Craig Cunningham 0 1 1 -1 2 2 2 0 0 0 0/1 19:37 2:54 0:00
Dalton Prout 0 0 0 0 0 1 3 2 0 0 0/0 13:24 0:00 0:00
J.T. Wyman 0 1 1 -2 2 1 1 0 0 0 0/1 12:56 1:05 0:39
Juraj Mikus 1 1 2 2 0 2 0 0 0 1 1/2 8:42 0:33 1:04
Justin Florek 1 0 1 2 0 1 0 0 0 0 0/0 7:59 0:00 0:00
Karel Pilar 0 1 1 -1 0 3 1 4 0 3 0/0 27:02 3:54 3:23
Kevin Marshall 0 0 0 0 0 1 0 0 0 1 0/0 20:17 3:29 1:24
Kyle Brodziak 1 1 2 -1 7 5 3 1 1 0 16/38 20:39 1:58 3:01
Mathieu Perreault 0 0 0 -2 0 6 0 0 0 0 5/11 16:39 2:17 0:51
Rhett Rakhshani 0 1 1 2 2 0 0 1 1 0 0/1 7:13 0:09 0:00
Roman Josi 0 0 0 -2 0 1 0 2 0 0 0/0 18:26 1:47 0:03
Spencer Machacek 1 1 2 -1 0 4 1 0 2 0 1/5 21:58 2:29 3:23
Teemu Pulkkinen 0 1 1 -2 0 0 2 0 0 1 2/3 13:54 0:55 0:36
Tim Kennedy 0 0 0 -2 0 2 3 0 1 2 0/1 13:31 0:00 0:00
Tyler Pitlick 0 0 0 -2 0 1 3 0 0 2 0/1 16:56 2:26 0:00
Players Stats for Rafales
Player Name G A P +/- PIM S H SB GA TA FO MP PP MP PK MP
------------------------------------------------------------------------------------
Bruno Gervais 0 2 2 -1 0 0 0 1 1 1 0/0 16:46 1:05 0:09
Cody McLeod 3 3 6 3 0 5 3 0 1 0 7/10 24:13 3:37 3:00
Dan Fritsche 2 2 4 3 0 4 1 0 0 1 24/38 22:54 3:37 2:20
Dmitry Kulikov 0 0 0 3 2 3 2 3 2 0 0/0 27:30 3:41 2:00
Jeff Skinner 0 0 0 -1 0 0 2 1 1 0 1/1 16:02 3:37 2:49
Johan Ryno 0 1 1 -1 0 0 0 0 0 1 0/0 9:18 0:00 0:00
Jonas Junland 0 0 0 1 0 0 0 1 0 1 0/0 15:09 0:00 3:32
Jonathan Rheault 0 0 0 -1 0 1 1 2 0 0 0/0 9:32 0:00 0:00
Kevin Veilleux 1 0 1 -1 0 1 0 0 0 0 3/3 8:09 0:00 0:00
Matt Gilroy 0 1 1 1 0 2 1 1 1 0 0/0 13:44 1:05 0:00
Michael Bournival 0 0 0 -1 0 1 0 1 0 0 0/0 10:48 1:10 1:14
Mike Sislo 1 2 3 2 2 3 2 0 0 0 0/0 14:16 0:00 0:12
Milan Bartovic 1 2 3 3 29 6 0 1 1 0 1/2 18:06 0:00 1:00
Nathan Davis 2 1 3 2 0 4 1 0 2 0 4/11 16:06 1:10 0:47
Petr Kalus 0 0 0 -1 0 0 1 0 0 0 3/7 9:32 0:00 0:00
Ryan Ellis 0 3 3 1 0 1 1 0 3 0 0/0 24:20 3:42 2:09
Tim Crowder 0 1 1 2 0 2 1 0 0 1 0/0 13:43 1:10 0:00
Willie Mitchell 0 0 0 1 0 0 0 5 0 1 0/0 22:33 0:00 3:32
3 Stars
1 - Cody McLeod (Stf)
2 - Dan Fritsche (Stf)
3 - Nathan Davis (Stf)
Power Play
Saguenéens - 1 on 4 Attempt(s) - 25,00%
Rafales - 3 on 5 Attempt(s) - 60,00%
Penalty Kill
Saguenéens - 2 on 5 Attempt(s) - 40,00%
- Score 0 goal in Penalty Kill
Rafales - 3 on 4 Attempt(s) - 75,00%
- Score 0 goal in Penalty Kill
Team Stat
Saguenéens - Hits : 23 - Faceoff Wins : 29 - Blocked Shots : 17 - Penalty Minutes : 15
Rafales - Hits : 16 - Faceoff Wins : 43 - Blocked Shots : 16 - Penalty Minutes : 33
Official
Referees : McCauley Wes and O'Halloran Dan
Linesman : Lonnie Cameron and Scott Driscoll
Game Notes
Martin Jones enters game at 15:48 of 2nd period
Cody McLeod has scored a Hat Trick!
Milan Bartovic and Kyle Brodziak fight to a draw at 16:07 of 3rd period
Milan Bartovic ejected from game at 16:07 of 3rd period
Milan Bartovic from Rafales is suspended for 2 game(s)
Finance
Level 1 -- Attendance: 1607 (80,35%) -- Ticket Income 56 245 $
Level 2 -- Attendance: 801 (80,10%) -- Ticket Income 12 015 $
Total Attendance: 2408 (80,27%)
Total Ticket Income: 68 260 $
Other Income: 3 413 $
Total Income: 71 673 $
Saguenéens
5 vs 5 Forward
Center Left Wing Right Wing Time % Phy DF OF
1 Kyle Brodziak Craig Cunningham Spencer Machacek 40 1 2 2
2 Mathieu Perreault Tim Kennedy Tyler Pitlick 27 1 2 2
3 Brian Flynn Teemu Pulkkinen J.T. Wyman 23 1 2 2
4 Juraj Mikus Justin Florek Rhett Rakhshani 10 1 2 2
5 vs 5 Defense
Defense Defense Time % Phy DF OF
1 Karel Pilar Brandon Burlon 35 1 2 2
2 Brett Lebda Roman Josi 33 1 2 2
3 Kevin Marshall Dalton Prout 27 1 2 2
4 Karel Pilar Kevin Marshall 5 1 2 2
PowerPlay Forward
Center Left Wing Right Wing Time % Phy DF OF
1 Kyle Brodziak Craig Cunningham Spencer Machacek 60 1 2 2
2 Brian Flynn Mathieu Perreault Tyler Pitlick 40 1 2 2
PowerPlay Defense
Defense Defense Time % Phy DF OF
1 Karel Pilar Kevin Marshall 60 1 2 2
2 Brett Lebda Roman Josi 40 1 2 2
Penalty Kill 4 Players Forward
Center Wing Time % Phy DF OF
1 Kyle Brodziak Spencer Machacek 60 1 2 2
2 Juraj Mikus J.T. Wyman 40 1 2 2
Penalty Kill 4 Players Defense
Defense Defense Time % Phy DF OF
1 Karel Pilar Brandon Burlon 60 1 2 2
2 Brett Lebda Kevin Marshall 40 1 2 2
Penalty Kill - 3 Players Forward
Forward Time % Phy DF OF
1 Kyle Brodziak 60 1 2 2
2 J.T. Wyman 40 1 2 2
Penalty Kill - 3 Players Defense
Defense Defense Time % Phy DF OF
1 Karel Pilar Brandon Burlon 60 1 2 2
2 Brett Lebda Kevin Marshall 40 1 2 2
4 vs 4 Forward
Center Wing Time % Phy DF OF
1 Kyle Brodziak Tyler Pitlick 60 1 2 2
2 Mathieu Perreault Spencer Machacek 40 1 2 2
4 vs 4 Defense
Defense Defense Time % Phy DF OF
1 Karel Pilar Brandon Burlon 60 1 2 2
2 Brett Lebda Kevin Marshall 40 1 2 2
Last Minutes Offensive
Center Left Wing Right Wing Defense Defense
Kyle Brodziak Tim Kennedy Spencer Machacek Karel Pilar Brett Lebda
Last Minutes Defensive
Center Left Wing Right Wing Defense Defense
Kyle Brodziak Tim Kennedy Spencer Machacek Karel Pilar Kevin Marshall
Goaltenders
Starting : Al Montoya
Backup : Martin Jones
Extra Forwards
Normal : Teemu Pulkkinen, Justin Florek, Kyle Brodziak - PP : Craig Cunningham, J.T. Wyman - PK : Mathieu Perreault
Extra Defensemen
Normal : Kevin Marshall, Dalton Prout, Brett Lebda - PP : Brandon Burlon - PK : Roman Josi, Dalton Prout
Penalty Shots
Kyle Brodziak, Brian Flynn, Spencer Machacek, Juraj Mikus, Tim Kennedy
Rafales
5 vs 5 Forward
Center Left Wing Right Wing Time % Phy DF OF
1 Dan Fritsche Cody McLeod Milan Bartovic 40 1 1 3
2 Nathan Davis Mike Sislo Tim Crowder 30 1 1 3
3 Petr Kalus Jeff Skinner Jonathan Rheault 20 1 2 2
4 Kevin Veilleux Michael Bournival Johan Ryno 10 1 2 2
5 vs 5 Defense
Defense Defense Time % Phy DF OF
1 Willie Mitchell Dmitry Kulikov 40 1 3 1
2 Ryan Ellis Bruno Gervais 30 1 3 1
3 Matt Gilroy Jonas Junland 20 1 3 1
4 Dmitry Kulikov Ryan Ellis 10 1 3 1
PowerPlay Forward
Center Left Wing Right Wing Time % Phy DF OF
1 Dan Fritsche Cody McLeod Jeff Skinner 60 1 2 2
2 Nathan Davis Michael Bournival Tim Crowder 40 1 2 2
PowerPlay Defense
Defense Defense Time % Phy DF OF
1 Dmitry Kulikov Ryan Ellis 60 1 2 2
2 Matt Gilroy Bruno Gervais 40 1 2 2
Penalty Kill 4 Players Forward
Center Wing Time % Phy DF OF
1 Cody McLeod Milan Bartovic 60 1 2 2
2 Dan Fritsche Nathan Davis 40 1 2 2
Penalty Kill 4 Players Defense
Defense Defense Time % Phy DF OF
1 Willie Mitchell Jonas Junland 60 1 2 2
2 Ryan Ellis Dmitry Kulikov 40 1 2 2
Penalty Kill - 3 Players Forward
Forward Time % Phy DF OF
1 Cody McLeod 60 1 2 2
2 Milan Bartovic 40 1 2 2
Penalty Kill - 3 Players Defense
Defense Defense Time % Phy DF OF
1 Willie Mitchell Jonas Junland 60 1 2 2
2 Ryan Ellis Dmitry Kulikov 40 1 2 2
4 vs 4 Forward
Center Wing Time % Phy DF OF
1 Cody McLeod Milan Bartovic 60 1 2 2
2 Dan Fritsche Nathan Davis 40 1 2 2
4 vs 4 Defense
Defense Defense Time % Phy DF OF
1 Dmitry Kulikov Ryan Ellis 60 1 2 2
2 Matt Gilroy Bruno Gervais 40 1 2 2
Last Minutes Offensive
Center Left Wing Right Wing Defense Defense
Dan Fritsche Cody McLeod Milan Bartovic Dmitry Kulikov Ryan Ellis
Last Minutes Defensive
Center Left Wing Right Wing Defense Defense
Dan Fritsche Cody McLeod Milan Bartovic Willie Mitchell Bruno Gervais
Goaltenders
Starting : Loïc Lacasse
Backup : Eddie Lack
Extra Forwards
Normal : Cody McLeod, Jeff Skinner, Michael Bournival - PP : Cody McLeod, Jeff Skinner - PK : Milan Bartovic
Extra Defensemen
Normal : Dmitry Kulikov, Ryan Ellis, Matt Gilroy - PP : Dmitry Kulikov - PK : Willie Mitchell, Matt Gilroy
Penalty Shots
Cody McLeod, Milan Bartovic, Dan Fritsche, Nathan Davis, Mike Sislo
% Time on Ice - Saguenéens
Lines # - Real PCT - Wanted PCT - Time Play
Normal Forward
1 - 34% - 40% - 16:09
2 - 28% - 27% - 13:31
3 - 23% - 23% - 11:13
4 - 15% - 10% - 7:05
Normal Defense
1 - 36% - 35% - 17:25
2 - 33% - 33% - 15:54
3 - 25% - 27% - 12:08
4 - 5% - 5% - 2:31
PP Forward
1 - 60% - 60% - 3:24
2 - 40% - 40% - 2:17
PP Defense
1 - 69% - 60% - 3:54
2 - 31% - 40% - 1:47
PK Forward
1 - 86% - 60% - 4:08
2 - 14% - 40% - 0:39
PK Defense
1 - 71% - 60% - 3:23
2 - 29% - 40% - 1:24
PK3 Forward
1 - 0% - 60%
2 - 0% - 40%
PK3 Defense
1 - 0% - 60%
2 - 0% - 40%
44 Forward
1 - 100% - 60% - 1:34
2 - 0% - 40% - 0:00
44 Defense
1 - 62% - 60% - 0:58
2 - 38% - 40% - 0:36
Last Minute Offensive - 0:00
Last Minute Defensive - 0:00
Total
Forward - 60:00
Defense - 60:00
|
% Time on Ice - Rafales
Lines # - Real PCT - Wanted PCT - Time Play
Normal Forward
1 - 37% - 40% - 17:41
2 - 26% - 30% - 12:36
3 - 20% - 20% - 9:32
4 - 17% - 10% - 8:09
Normal Defense
1 - 40% - 40% - 19:01
2 - 31% - 30% - 15:01
3 - 25% - 20% - 11:46
4 - 5% - 10% - 2:10
PP Forward
1 - 76% - 60% - 3:37
2 - 24% - 40% - 1:10
PP Defense
1 - 77% - 60% - 3:42
2 - 23% - 40% - 1:05
PK Forward
1 - 90% - 60% - 5:06
2 - 10% - 40% - 0:35
PK Defense
1 - 65% - 60% - 3:41
2 - 35% - 40% - 2:00
PK3 Forward
1 - 0% - 60%
2 - 0% - 40%
PK3 Defense
1 - 0% - 60%
2 - 0% - 40%
44 Forward
1 - 74% - 60% - 1:10
2 - 26% - 40% - 0:24
44 Defense
1 - 100% - 60% - 1:34
2 - 0% - 40% - 0:00
Last Minute Offensive - 0:00
Last Minute Defensive - 0:00
Total
Forward - 60:00
Defense - 60:00
|
Play by Play
1st period
0:01 of 1st period - Dan Fritsche wins face-off versus Kyle Brodziak in neutral zone.
0:08 of 1st period - Wrist shot by Dan Fritsche.
0:08 of 1st period - Deflect By Karel Pilar.
0:08 of 1st period - Stopped by Al Montoya with a rebound.
0:10 of 1st period - Wrist shot by Milan Bartovic.
0:10 of 1st period - Shot Misses the Net.
0:54 of 1st period - Slapshot by Mike Sislo.
0:54 of 1st period - Shot Misses the Net.
1:02 of 1st period - Jonas Junland is hit by Tim Kennedy and loses puck.
2:44 of 1st period - Slapshot by Milan Bartovic.
2:44 of 1st period - Stopped by Al Montoya without a rebound.
2:45 of 1st period - Teemu Pulkkinen wins face-off versus Dan Fritsche in Saguenéens zone.
2:54 of 1st period - Wrist shot by Milan Bartovic.
2:54 of 1st period - Stopped by Al Montoya with a rebound.
3:10 of 1st period - Ryan Ellis is hit by Karel Pilar and loses puck.
3:29 of 1st period - Slapshot by Johan Ryno.
3:29 of 1st period - Shot Blocked by Karel Pilar.
4:18 of 1st period - Slapshot by Kevin Veilleux.
4:18 of 1st period - Shot Blocked by Brandon Burlon.
4:41 of 1st period - Snap shot by Tim Kennedy.
4:41 of 1st period - Stopped by Loïc Lacasse with a rebound.
4:43 of 1st period - Snap shot by Brandon Burlon.
4:43 of 1st period - Shot Blocked by Matt Gilroy.
4:45 of 1st period - Slapshot by Brandon Burlon.
4:45 of 1st period - Shot Blocked by Jonas Junland.
4:47 of 1st period - Slapshot by Brandon Burlon.
4:47 of 1st period - Shot Misses the Net.
4:49 of 1st period - Snap shot by Mathieu Perreault.
4:49 of 1st period - Stopped by Loïc Lacasse with a rebound.
4:51 of 1st period - Slapshot by Karel Pilar.
4:51 of 1st period - Shot Misses the Net.
5:01 of 1st period - Slapshot by Tim Kennedy.
5:01 of 1st period - Shot Misses the Net.
5:03 of 1st period - Snap shot by Mathieu Perreault.
5:03 of 1st period - Stopped by Loïc Lacasse with a rebound.
5:11 of 1st period - Snap shot by Tim Kennedy.
5:11 of 1st period - Stopped by Loïc Lacasse without a rebound.
5:12 of 1st period - Kyle Brodziak wins face-off versus Dan Fritsche in Rafales zone.
5:48 of 1st period - Slapshot by Mike Sislo.
5:48 of 1st period - Goal by Mike Sislo - Saguenéens : 0 - Rafales : 1.
5:49 of 1st period - Cody McLeod wins face-off versus Kyle Brodziak in neutral zone.
6:11 of 1st period - Icing by Ryan Ellis.
6:12 of 1st period - Juraj Mikus wins face-off versus Petr Kalus in Rafales zone.
6:19 of 1st period - Slapshot by Juraj Mikus.
6:19 of 1st period - Stopped by Loïc Lacasse without a rebound.
6:20 of 1st period - Kyle Brodziak wins face-off versus Dan Fritsche in Rafales zone.
6:30 of 1st period - Off-side.
6:31 of 1st period - Kyle Brodziak wins face-off versus Dan Fritsche in neutral zone.
7:05 of 1st period - Snap shot by Brian Flynn.
7:05 of 1st period - Shot Misses the Net.
7:37 of 1st period - Kevin Veilleux is hit by Tim Kennedy and loses puck.
7:56 of 1st period - Brett Lebda is hit by Matt Gilroy and loses puck.
8:39 of 1st period - Slapshot by Jeff Skinner.
8:39 of 1st period - Shot Blocked by Brandon Burlon.
8:41 of 1st period - Slapshot by Jonas Junland.
8:41 of 1st period - Shot Blocked by Brandon Burlon.
8:43 of 1st period - Slapshot by Matt Gilroy.
8:43 of 1st period - Shot Misses the Net.
8:45 of 1st period - Slapshot by Matt Gilroy.
8:45 of 1st period - Shot Blocked by Karel Pilar.
8:55 of 1st period - Dmitry Kulikov is hit by Spencer Machacek and loses puck.
9:23 of 1st period - Michael Bournival is hit by Dalton Prout.
9:24 of 1st period - Icing by Michael Bournival.
9:25 of 1st period - Kevin Veilleux wins face-off versus Kyle Brodziak in Rafales zone.
9:34 of 1st period - Slapshot by Ryan Ellis.
9:34 of 1st period - Stopped by Al Montoya without a rebound.
9:35 of 1st period - Kyle Brodziak wins face-off versus Dan Fritsche in Saguenéens zone.
9:46 of 1st period - Wrist shot by Kyle Brodziak.
9:46 of 1st period - Shot Blocked by Milan Bartovic.
9:48 of 1st period - Wrist shot by Spencer Machacek.
9:48 of 1st period - Shot Hit the Post.
9:58 of 1st period - Snap shot by Spencer Machacek.
9:58 of 1st period - Shot Misses the Net.
10:00 of 1st period - Wrist shot by Brett Lebda.
10:00 of 1st period - Stopped by Loïc Lacasse with a rebound.
10:02 of 1st period - Snap shot by Kyle Brodziak.
10:02 of 1st period - Deflect By Spencer Machacek.
10:02 of 1st period - Shot Misses the Net.
10:02 of 1st period - Puck is out of play.
10:03 of 1st period - Nathan Davis wins face-off versus Brian Flynn in Rafales zone.
10:10 of 1st period - Snap shot by Nathan Davis.
10:10 of 1st period - Stopped by Al Montoya without a rebound.
10:11 of 1st period - Brian Flynn wins face-off versus Nathan Davis in Saguenéens zone.
10:20 of 1st period - Karel Pilar is hit by Dmitry Kulikov and loses puck.
10:27 of 1st period - Snap shot by Mike Sislo.
10:27 of 1st period - Stopped by Al Montoya without a rebound.
10:28 of 1st period - Dan Fritsche wins face-off versus Kyle Brodziak in Saguenéens zone.
10:53 of 1st period - Dalton Prout is hit by Tim Crowder and loses puck.
11:00 of 1st period - Snap shot by Brett Lebda.
11:00 of 1st period - Stopped by Loïc Lacasse with a rebound.
11:02 of 1st period - Slapshot by Brett Lebda.
11:02 of 1st period - Deflect By Teemu Pulkkinen.
11:02 of 1st period - Shot Misses the Net.
11:02 of 1st period - Puck is out of play.
11:03 of 1st period - Kyle Brodziak wins face-off versus Petr Kalus in Rafales zone.
11:30 of 1st period - Cody McLeod is hit by Brian Flynn and loses puck.
11:57 of 1st period - Wrist shot by Nathan Davis.
11:57 of 1st period - Shot Misses the Net.
12:07 of 1st period - Slapshot by Juraj Mikus.
12:07 of 1st period - Shot Misses the Net.
12:09 of 1st period - Slapshot by Brett Lebda.
12:09 of 1st period - Shot Blocked by Willie Mitchell.
12:11 of 1st period - Wrist shot by Justin Florek.
12:11 of 1st period - Goal by Justin Florek - Saguenéens : 1 - Rafales : 1.
12:12 of 1st period - Kyle Brodziak wins face-off versus Dan Fritsche in neutral zone.
12:19 of 1st period - Dan Fritsche is hit by Kyle Brodziak and loses puck.
12:38 of 1st period - Brian Flynn is hit by Mike Sislo and loses puck.
12:43 of 1st period - Snap shot by Nathan Davis.
12:43 of 1st period - Stopped by Al Montoya with a rebound.
13:01 of 1st period - Jeff Skinner is hit by Dalton Prout.
13:27 of 1st period - Slapshot by Rhett Rakhshani.
13:27 of 1st period - Deflect By Juraj Mikus.
13:27 of 1st period - Goal by Juraj Mikus - Saguenéens : 2 - Rafales : 1.
13:28 of 1st period - Dan Fritsche wins face-off versus Kyle Brodziak in neutral zone.
13:53 of 1st period - Karel Pilar is hit by Dmitry Kulikov and loses puck.
14:06 of 1st period - Wrist shot by Tim Crowder.
14:06 of 1st period - Stopped by Al Montoya without a rebound.
14:07 of 1st period - Kyle Brodziak wins face-off versus Petr Kalus in Saguenéens zone.
14:32 of 1st period - Milan Bartovic is hit by Brett Lebda.
15:16 of 1st period - Slapshot by J.T. Wyman.
15:16 of 1st period - Shot Misses the Net.
15:18 of 1st period - Snap shot by Brian Flynn.
15:18 of 1st period - Stopped by Loïc Lacasse without a rebound.
15:19 of 1st period - Dan Fritsche wins face-off versus Brian Flynn in Rafales zone.
15:44 of 1st period - Bruno Gervais is hit by Craig Cunningham and loses puck.
15:51 of 1st period - Snap shot by Spencer Machacek.
15:51 of 1st period - Goal by Spencer Machacek - Saguenéens : 3 - Rafales : 1.
15:52 of 1st period - Dan Fritsche wins face-off versus Kyle Brodziak in neutral zone.
16:03 of 1st period - Wrist shot by Cody McLeod.
16:03 of 1st period - Stopped by Al Montoya with a rebound.
17:38 of 1st period - Milan Bartovic is hit by Brett Lebda.
18:22 of 1st period - Wrist shot by Brian Flynn.
18:22 of 1st period - Shot Blocked by Willie Mitchell.
18:24 of 1st period - Slapshot by Brett Lebda.
18:24 of 1st period - Stopped by Loïc Lacasse with a rebound.
19:06 of 1st period - Backhand shot by Mathieu Perreault.
19:06 of 1st period - Deflect By Milan Bartovic.
19:06 of 1st period - Stopped by Loïc Lacasse without a rebound.
19:07 of 1st period - Kyle Brodziak wins face-off versus Nathan Davis in Rafales zone.
19:37 of 1st period - Dalton Prout is hit by Cody McLeod and loses puck.
Goals for this period are 3 for Saguenéens vs 1 for Rafales.
Shots for this period are 13 for Saguenéens vs 10 for Rafales.
2nd period
0:01 of 2nd period - Dan Fritsche wins face-off versus Kyle Brodziak in neutral zone.
0:12 of 2nd period - Snap shot by Dan Fritsche.
0:12 of 2nd period - Goal by Dan Fritsche - Saguenéens : 3 - Rafales : 2.
0:13 of 2nd period - Dan Fritsche wins face-off versus Kyle Brodziak in neutral zone.
0:23 of 2nd period - Dan Fritsche is hit by Kyle Brodziak and loses puck.
1:07 of 2nd period - Snap shot by Jeff Skinner.
1:07 of 2nd period - Shot Blocked by Dalton Prout.
1:09 of 2nd period - Slapshot by Dmitry Kulikov.
1:09 of 2nd period - Shot Blocked by Brian Flynn.
1:11 of 2nd period - Wrist shot by Jonathan Rheault.
1:11 of 2nd period - Stopped by Al Montoya with a rebound.
1:29 of 2nd period - Wrist shot by Cody McLeod.
1:29 of 2nd period - Deflect By Milan Bartovic.
1:29 of 2nd period - Shot Misses the Net.
1:29 of 2nd period - Puck is out of play.
1:30 of 2nd period - Nathan Davis wins face-off versus Kyle Brodziak in Saguenéens zone.
1:59 of 2nd period - Snap shot by Cody McLeod.
1:59 of 2nd period - Shot Blocked by Brett Lebda.
2:01 of 2nd period - Wrist shot by Milan Bartovic.
2:01 of 2nd period - Stopped by Al Montoya with a rebound.
2:03 of 2nd period - Slapshot by Bruno Gervais.
2:03 of 2nd period - Deflect By Cody McLeod.
2:03 of 2nd period - Goal by Cody McLeod - Saguenéens : 3 - Rafales : 3.
2:04 of 2nd period - Cody McLeod wins face-off versus Spencer Machacek in neutral zone.
2:07 of 2nd period - Wrist shot by Dan Fritsche.
2:07 of 2nd period - Shot Misses the Net.
2:09 of 2nd period - Snap shot by Milan Bartovic.
2:09 of 2nd period - Stopped by Al Montoya with a rebound.
2:17 of 2nd period - Slapshot by Milan Bartovic.
2:17 of 2nd period - Shot Misses the Net.
2:19 of 2nd period - Slapshot by Ryan Ellis.
2:19 of 2nd period - Shot Misses the Net.
2:56 of 2nd period - Matt Gilroy is hit by Tyler Pitlick and loses puck.
3:19 of 2nd period - Snap shot by Rhett Rakhshani.
3:19 of 2nd period - Shot Blocked by Willie Mitchell.
3:21 of 2nd period - Wrist shot by Juraj Mikus.
3:21 of 2nd period - Shot Blocked by Dmitry Kulikov.
3:23 of 2nd period - Snap shot by Brandon Burlon.
3:23 of 2nd period - Stopped by Loïc Lacasse without a rebound.
3:24 of 2nd period - Kyle Brodziak wins face-off versus Dan Fritsche in Rafales zone.
3:27 of 2nd period - Snap shot by Kyle Brodziak.
3:27 of 2nd period - Stopped by Loïc Lacasse with a rebound.
3:31 of 2nd period - Snap shot by Spencer Machacek.
3:31 of 2nd period - Stopped by Loïc Lacasse without a rebound.
3:32 of 2nd period - Dan Fritsche wins face-off versus Kyle Brodziak in Rafales zone.
3:43 of 2nd period - Ryan Ellis is hit by Kyle Brodziak and loses puck.
4:06 of 2nd period - Wrist shot by Kyle Brodziak.
4:06 of 2nd period - Stopped by Loïc Lacasse without a rebound.
4:07 of 2nd period - Brian Flynn wins face-off versus Nathan Davis in Rafales zone.
4:20 of 2nd period - Snap shot by Mike Sislo.
4:20 of 2nd period - Stopped by Al Montoya without a rebound.
4:21 of 2nd period - Mathieu Perreault wins face-off versus Petr Kalus in Saguenéens zone.
4:21 of 2nd period - Mathieu Perreault is hit by Jonathan Rheault.
4:31 of 2nd period - Snap shot by Tim Kennedy.
4:31 of 2nd period - Shot Blocked by Dmitry Kulikov.
5:48 of 2nd period - Off-side.
5:49 of 2nd period - Petr Kalus wins face-off versus Spencer Machacek in neutral zone.
7:15 of 2nd period - Jeff Skinner is hit by Craig Cunningham and loses puck.
7:22 of 2nd period - Snap shot by Kyle Brodziak.
7:22 of 2nd period - Stopped by Loïc Lacasse with a rebound.
7:24 of 2nd period - Wrist shot by Craig Cunningham.
7:24 of 2nd period - Stopped by Loïc Lacasse without a rebound.
7:25 of 2nd period - Milan Bartovic wins face-off versus Kyle Brodziak in Rafales zone.
7:50 of 2nd period - Tim Kennedy is hit by Mike Sislo and loses puck.
8:42 of 2nd period - Minor Penalty to Rhett Rakhshani for Slashing.
8:43 of 2nd period - Kyle Brodziak wins face-off versus Dan Fritsche in Saguenéens zone.
8:43 of 2nd period - Kyle Brodziak is hit by Jeff Skinner.
9:04 of 2nd period - Spencer Machacek is hit by Cody McLeod and loses puck.
9:27 of 2nd period - Snap shot by Juraj Mikus.
9:27 of 2nd period - Deflect By J.T. Wyman.
9:27 of 2nd period - Shot Misses the Net.
9:27 of 2nd period - Puck is out of play.
9:28 of 2nd period - Dan Fritsche wins face-off versus Juraj Mikus in Rafales zone.
9:33 of 2nd period - Wrist shot by Cody McLeod.
9:33 of 2nd period - Shot Blocked by Karel Pilar.
9:35 of 2nd period - Wrist shot by Matt Gilroy.
9:35 of 2nd period - Stopped by Al Montoya without a rebound.
9:36 of 2nd period - Dan Fritsche wins face-off versus Kyle Brodziak in Saguenéens zone.
9:37 of 2nd period - Snap shot by Cody McLeod.
9:37 of 2nd period - Shot Misses the Net.
9:39 of 2nd period - Snap shot by Dan Fritsche.
9:39 of 2nd period - Deflect By Cody McLeod.
9:39 of 2nd period - Goal by Cody McLeod - Saguenéens : 3 - Rafales : 4.
9:40 of 2nd period - Dan Fritsche wins face-off versus Kyle Brodziak in neutral zone.
10:01 of 2nd period - Minor Penalty to Milan Bartovic for High sticking.
10:02 of 2nd period - Cody McLeod wins face-off versus Kyle Brodziak in Rafales zone.
10:47 of 2nd period - Icing by Kevin Marshall.
10:48 of 2nd period - Brian Flynn wins face-off versus Dan Fritsche in Saguenéens zone.
11:09 of 2nd period - Slapshot by Karel Pilar.
11:09 of 2nd period - Deflect By Tyler Pitlick.
11:09 of 2nd period - Shot Misses the Net.
11:09 of 2nd period - Puck is out of play.
11:10 of 2nd period - Cody McLeod wins face-off versus Kyle Brodziak in Rafales zone.
11:19 of 2nd period - Snap shot by Kyle Brodziak.
11:19 of 2nd period - Goal by Kyle Brodziak - Saguenéens : 4 - Rafales : 4.
11:20 of 2nd period - Kyle Brodziak wins face-off versus Dan Fritsche in neutral zone.
12:04 of 2nd period - Snap shot by Milan Bartovic.
12:04 of 2nd period - Goal by Milan Bartovic - Saguenéens : 4 - Rafales : 5.
12:05 of 2nd period - Nathan Davis wins face-off versus Kyle Brodziak in neutral zone.
12:11 of 2nd period - Slapshot by Tim Crowder.
12:11 of 2nd period - Stopped by Al Montoya with a rebound.
12:13 of 2nd period - Wrist shot by Willie Mitchell.
12:13 of 2nd period - Shot Blocked by Roman Josi.
12:15 of 2nd period - Wrist shot by Mike Sislo.
12:15 of 2nd period - Shot Misses the Net.
12:24 of 2nd period - Minor Penalty to Kyle Brodziak for Tripping.
12:25 of 2nd period - Dan Fritsche wins face-off versus Mathieu Perreault in Saguenéens zone.
12:29 of 2nd period - Snap shot by Ryan Ellis.
12:29 of 2nd period - Shot Misses the Net.
12:31 of 2nd period - Snap shot by Jeff Skinner.
12:31 of 2nd period - Shot Misses the Net.
12:33 of 2nd period - Slapshot by Ryan Ellis.
12:33 of 2nd period - Shot Blocked by Brandon Burlon.
12:35 of 2nd period - Slapshot by Dmitry Kulikov.
12:35 of 2nd period - Stopped by Al Montoya without a rebound.
12:36 of 2nd period - Dan Fritsche wins face-off versus Mathieu Perreault in Saguenéens zone.
12:43 of 2nd period - Snap shot by Cody McLeod.
12:43 of 2nd period - Stopped by Al Montoya without a rebound.
12:44 of 2nd period - Mathieu Perreault wins face-off versus Cody McLeod in Saguenéens zone.
12:49 of 2nd period - Minor Penalty to Dmitry Kulikov for Hooking.
12:50 of 2nd period - Teemu Pulkkinen wins face-off versus Cody McLeod in Rafales zone.
13:45 of 2nd period - Icing by Kevin Marshall.
13:46 of 2nd period - Cody McLeod wins face-off versus Teemu Pulkkinen in Saguenéens zone.
13:55 of 2nd period - Slapshot by Brett Lebda.
13:55 of 2nd period - Shot Misses the Net.
14:24 of 2nd period - Penalty to Kyle Brodziak is over, Kyle Brodziak is back on ice.
14:29 of 2nd period - Slapshot by Karel Pilar.
14:29 of 2nd period - Shot Misses the Net.
14:49 of 2nd period - Penalty to Dmitry Kulikov is over, Dmitry Kulikov is back on ice.
14:51 of 2nd period - Snap shot by Karel Pilar.
14:51 of 2nd period - Stopped by Loïc Lacasse without a rebound.
14:52 of 2nd period - Petr Kalus wins face-off versus Rhett Rakhshani in Rafales zone.
14:57 of 2nd period - Slapshot by Willie Mitchell.
14:57 of 2nd period - Shot Blocked by Rhett Rakhshani.
14:59 of 2nd period - Snap shot by Jeff Skinner.
14:59 of 2nd period - Shot Blocked by Roman Josi.
15:01 of 2nd period - Slapshot by Dmitry Kulikov.
15:01 of 2nd period - Stopped by Al Montoya with a rebound.
15:03 of 2nd period - Wrist shot by Willie Mitchell.
15:03 of 2nd period - Shot Misses the Net.
15:07 of 2nd period - Slapshot by Dmitry Kulikov.
15:07 of 2nd period - Stopped by Al Montoya without a rebound.
15:08 of 2nd period - Dan Fritsche wins face-off versus Mathieu Perreault in Saguenéens zone.
15:11 of 2nd period - Backhand shot by Dan Fritsche.
15:11 of 2nd period - Stopped by Al Montoya without a rebound.
15:12 of 2nd period - Dan Fritsche wins face-off versus Mathieu Perreault in Saguenéens zone.
15:46 of 2nd period - Snap shot by Mike Sislo.
15:46 of 2nd period - Shot Blocked by Kyle Brodziak.
15:48 of 2nd period - Wrist shot by Nathan Davis.
15:48 of 2nd period - Goal by Nathan Davis - Saguenéens : 4 - Rafales : 6.
15:48 of 2nd period - Martin Jones enters game.
15:49 of 2nd period - Spencer Machacek wins face-off versus Dan Fritsche in neutral zone.
16:23 of 2nd period - Ryan Ellis is hit by Tim Kennedy and loses puck.
16:40 of 2nd period - Wrist shot by Brian Flynn.
16:40 of 2nd period - Goal by Brian Flynn - Saguenéens : 5 - Rafales : 6.
16:41 of 2nd period - Dan Fritsche wins face-off versus Craig Cunningham in neutral zone.
17:22 of 2nd period - Minor Penalty to Mike Sislo for Slashing.
17:23 of 2nd period - Kyle Brodziak wins face-off versus Cody McLeod in Rafales zone.
17:58 of 2nd period - Wrist shot by Brian Flynn.
17:58 of 2nd period - Shot Blocked by Willie Mitchell.
19:22 of 2nd period - Penalty to Mike Sislo is over, Mike Sislo is back on ice.
19:40 of 2nd period - Off-side.
19:41 of 2nd period - Kevin Veilleux wins face-off versus Brian Flynn in neutral zone.
19:46 of 2nd period - Snap shot by Michael Bournival.
19:46 of 2nd period - Stopped by Martin Jones without a rebound.
19:47 of 2nd period - Kevin Veilleux wins face-off versus Brian Flynn in Saguenéens zone.
19:54 of 2nd period - Snap shot by Ryan Ellis.
19:54 of 2nd period - Shot Blocked by Brett Lebda.
19:56 of 2nd period - Wrist shot by Kevin Veilleux.
19:56 of 2nd period - Goal by Kevin Veilleux - Saguenéens : 5 - Rafales : 7.
19:57 of 2nd period - Kyle Brodziak wins face-off versus Dan Fritsche in neutral zone.
Goals for this period are 2 for Saguenéens vs 6 for Rafales.
Shots for this period are 9 for Saguenéens vs 18 for Rafales.
3rd period
0:01 of 3rd period - Dan Fritsche wins face-off versus Kyle Brodziak in neutral zone.
0:33 of 3rd period - Snap shot by Tim Kennedy.
0:33 of 3rd period - Deflect By Tyler Pitlick.
0:33 of 3rd period - Stopped by Loïc Lacasse without a rebound.
0:34 of 3rd period - Jeff Skinner wins face-off versus Mathieu Perreault in Rafales zone.
0:34 of 3rd period - Jeff Skinner is hit by Tyler Pitlick.
1:04 of 3rd period - Off-side.
1:05 of 3rd period - Cody McLeod wins face-off versus Kyle Brodziak in neutral zone.
1:10 of 3rd period - Wrist shot by Dan Fritsche.
1:10 of 3rd period - Shot Misses the Net.
1:12 of 3rd period - Snap shot by Milan Bartovic.
1:12 of 3rd period - Stopped by Martin Jones without a rebound.
1:13 of 3rd period - Dan Fritsche wins face-off versus Kyle Brodziak in Saguenéens zone.
1:38 of 3rd period - Tyler Pitlick is hit by Nathan Davis and loses puck.
2:09 of 3rd period - Jonas Junland is hit by Teemu Pulkkinen and loses puck.
2:20 of 3rd period - Slapshot by Brett Lebda.
2:20 of 3rd period - Shot Blocked by Jonathan Rheault.
2:28 of 3rd period - Roman Josi is hit by Jeff Skinner and loses puck.
2:38 of 3rd period - Roman Josi is hit by Ryan Ellis and loses puck.
2:55 of 3rd period - Minor Penalty to Craig Cunningham for Holding.
2:56 of 3rd period - Dan Fritsche wins face-off versus Kyle Brodziak in Saguenéens zone.
3:27 of 3rd period - Wrist shot by Tim Crowder.
3:27 of 3rd period - Shot Misses the Net.
4:37 of 3rd period - Cody McLeod is hit by Brett Lebda and loses puck.
4:55 of 3rd period - Penalty to Craig Cunningham is over, Craig Cunningham is back on ice.
5:08 of 3rd period - Jonathan Rheault is hit by J.T. Wyman and loses puck.
6:20 of 3rd period - Petr Kalus is hit by Teemu Pulkkinen and loses puck.
6:27 of 3rd period - Karel Pilar is hit by Petr Kalus.
7:48 of 3rd period - Snap shot by Mathieu Perreault.
7:48 of 3rd period - Deflect By Tim Kennedy.
7:48 of 3rd period - Shot Blocked by Jonathan Rheault.
7:48 of 3rd period - Puck is out of play.
7:49 of 3rd period - Petr Kalus wins face-off versus Mathieu Perreault in Rafales zone.
7:58 of 3rd period - Slapshot by Roman Josi.
7:58 of 3rd period - Stopped by Loïc Lacasse with a rebound.
8:08 of 3rd period - Petr Kalus is hit by Tyler Pitlick and loses puck.
8:13 of 3rd period - Snap shot by Tim Kennedy.
8:13 of 3rd period - Shot Misses the Net.
8:17 of 3rd period - Wrist shot by Tim Kennedy.
8:17 of 3rd period - Shot Misses the Net.
8:19 of 3rd period - Slapshot by Dalton Prout.
8:19 of 3rd period - Stopped by Loïc Lacasse without a rebound.
8:20 of 3rd period - Dan Fritsche wins face-off versus Spencer Machacek in Rafales zone.
8:20 of 3rd period - Dan Fritsche is hit by Dalton Prout.
8:34 of 3rd period - Backhand shot by Kyle Brodziak.
8:34 of 3rd period - Stopped by Loïc Lacasse with a rebound.
8:36 of 3rd period - Slapshot by Dalton Prout.
8:36 of 3rd period - Shot Misses the Net.
8:46 of 3rd period - Wrist shot by Brian Flynn.
8:46 of 3rd period - Shot Misses the Net.
8:48 of 3rd period - Slapshot by Kevin Marshall.
8:48 of 3rd period - Stopped by Loïc Lacasse with a rebound.
8:50 of 3rd period - Wrist shot by Brian Flynn.
8:50 of 3rd period - Stopped by Loïc Lacasse with a rebound.
8:52 of 3rd period - Wrist shot by Brian Flynn.
8:52 of 3rd period - Stopped by Loïc Lacasse without a rebound.
8:53 of 3rd period - Mathieu Perreault wins face-off versus Nathan Davis in Rafales zone.
9:04 of 3rd period - Snap shot by Karel Pilar.
9:04 of 3rd period - Stopped by Loïc Lacasse with a rebound.
10:22 of 3rd period - Slapshot by Willie Mitchell.
10:22 of 3rd period - Shot Misses the Net.
10:24 of 3rd period - Slapshot by Dmitry Kulikov.
10:24 of 3rd period - Shot Misses the Net.
10:26 of 3rd period - Slapshot by Tim Crowder.
10:26 of 3rd period - Shot Blocked by Dalton Prout.
10:42 of 3rd period - Wrist shot by Dan Fritsche.
10:42 of 3rd period - Deflect By Milan Bartovic.
10:42 of 3rd period - Shot Misses the Net.
10:42 of 3rd period - Puck is out of play.
10:43 of 3rd period - Kyle Brodziak wins face-off versus Dan Fritsche in Saguenéens zone.
10:57 of 3rd period - Slapshot by Spencer Machacek.
10:57 of 3rd period - Stopped by Loïc Lacasse without a rebound.
10:58 of 3rd period - Brian Flynn wins face-off versus Nathan Davis in Rafales zone.
11:34 of 3rd period - Snap shot by Jonathan Rheault.
11:34 of 3rd period - Shot Misses the Net.
11:40 of 3rd period - Snap shot by Brandon Burlon.
11:40 of 3rd period - Shot Blocked by Bruno Gervais.
11:48 of 3rd period - Brian Flynn is hit by Cody McLeod.
11:52 of 3rd period - Wrist shot by Cody McLeod.
11:52 of 3rd period - Shot Blocked by Karel Pilar.
12:04 of 3rd period - Wrist shot by Spencer Machacek.
12:04 of 3rd period - Stopped by Loïc Lacasse with a rebound.
12:27 of 3rd period - Snap shot by Brett Lebda.
12:27 of 3rd period - Shot Blocked by Dmitry Kulikov.
12:29 of 3rd period - Backhand shot by Mathieu Perreault.
12:29 of 3rd period - Stopped by Loïc Lacasse with a rebound.
12:31 of 3rd period - Wrist shot by Mathieu Perreault.
12:31 of 3rd period - Stopped by Loïc Lacasse without a rebound.
12:32 of 3rd period - Mathieu Perreault wins face-off versus Milan Bartovic in Rafales zone.
12:45 of 3rd period - Wrist shot by Mathieu Perreault.
12:45 of 3rd period - Stopped by Loïc Lacasse without a rebound.
12:46 of 3rd period - Kyle Brodziak wins face-off versus Nathan Davis in Rafales zone.
13:09 of 3rd period - Icing by Craig Cunningham.
13:10 of 3rd period - Dan Fritsche wins face-off versus Tim Kennedy in Saguenéens zone.
14:02 of 3rd period - Snap shot by Juraj Mikus.
14:02 of 3rd period - Shot Blocked by Jeff Skinner.
14:04 of 3rd period - Slapshot by Karel Pilar.
14:04 of 3rd period - Stopped by Loïc Lacasse with a rebound.
14:25 of 3rd period - Minor Penalty to J.T. Wyman for Hooking.
14:26 of 3rd period - Dan Fritsche wins face-off versus Kyle Brodziak in Saguenéens zone.
14:42 of 3rd period - Icing by Ryan Ellis.
14:43 of 3rd period - Dan Fritsche wins face-off versus Spencer Machacek in Rafales zone.
15:00 of 3rd period - Snap shot by Cody McLeod.
15:00 of 3rd period - Shot Misses the Net.
15:48 of 3rd period - Wrist shot by Ryan Ellis.
15:48 of 3rd period - Deflect By Dan Fritsche.
15:48 of 3rd period - Goal by Dan Fritsche - Saguenéens : 5 - Rafales : 8.
15:49 of 3rd period - Nathan Davis wins face-off versus Tyler Pitlick in neutral zone.
15:56 of 3rd period - Backhand shot by Matt Gilroy.
15:56 of 3rd period - Stopped by Martin Jones with a rebound.
16:00 of 3rd period - Snap shot by Nathan Davis.
16:00 of 3rd period - Goal by Nathan Davis - Saguenéens : 5 - Rafales : 9.
16:01 of 3rd period - Mathieu Perreault wins face-off versus Nathan Davis in neutral zone.
16:03 of 3rd period - Minor Penalty to Brandon Burlon for Hooking.
16:04 of 3rd period - Dan Fritsche wins face-off versus Kyle Brodziak in Saguenéens zone.
16:06 of 3rd period - Slapshot by Ryan Ellis.
16:06 of 3rd period - Deflect By Cody McLeod.
16:06 of 3rd period - Goal by Cody McLeod - Saguenéens : 5 - Rafales : 10.
16:07 of 3rd period - Kyle Brodziak wins face-off versus Dan Fritsche in neutral zone.
16:07 of 3rd period - Milan Bartovic and Kyle Brodziak fight to a draw.
16:07 of 3rd period - Penalty to Milan Bartovic for Fighting.
16:07 of 3rd period - Penalty to Kyle Brodziak for Fighting.
16:07 of 3rd period - Penalty to Milan Bartovic for instigated a fight.
16:07 of 3rd period - Penalty to Milan Bartovic for instigated and being the aggresor in a fight.
16:07 of 3rd period - Milan Bartovic is ejected from game.
16:08 of 3rd period - Cody McLeod wins face-off versus J.T. Wyman in neutral zone.
16:18 of 3rd period - Snap shot by J.T. Wyman.
16:18 of 3rd period - Stopped by Loïc Lacasse with a rebound.
16:20 of 3rd period - Snap shot by Craig Cunningham.
16:20 of 3rd period - Shot Blocked by Willie Mitchell.
16:22 of 3rd period - Wrist shot by J.T. Wyman.
16:22 of 3rd period - Shot Misses the Net.
16:24 of 3rd period - Wrist shot by Craig Cunningham.
16:24 of 3rd period - Stopped by Loïc Lacasse with a rebound.
16:50 of 3rd period - Slapshot by Karel Pilar.
16:50 of 3rd period - Shot Blocked by Michael Bournival.
18:07 of 3rd period - Penalty to Milan Bartovic is over, Johan Ryno is send on ice.
19:09 of 3rd period - Snap shot by Mike Sislo.
19:09 of 3rd period - Shot Misses the Net.
19:27 of 3rd period - Brian Flynn is hit by Dan Fritsche.
Goals for this period are 0 for Saguenéens vs 3 for Rafales.
Shots for this period are 16 for Saguenéens vs 5 for Rafales.
Back to the Top